 Dungeon Crawl Stone Soup version 0.28-a0-1506-g3893175d92 (webtiles) character file.

Game seed: 1753553018681667586

277 croobank the Insei (level 6, -1/41 HPs)
             Began as an Octopode Transmuter on Jan 13, 2022.
             Was a Priest of Elyvilon.
             Slain by a sky beast (6 damage)
             ... on level 5 of the Dungeon.
             The game lasted 00:21:08 (4729 turns).

croobank the Insei (Octopode Transmuter)            Turns: 4729, Time: 00:21:09

Health: -1/41      AC:  1    Str: 12    XL:     6   Next: 26%
Magic:  5/10       EV: 13    Int: 15    God:    Elyvilon [***...]
Gold:   168        SH:  5    Dex: 12    Spells: 1/10 levels left

rFire   . . .      SeeInvis .   a - +2 quick blade
rCold   . . .      Faith    .   (no shield)
rNeg    . . .      Spirit   .   (helmet currently unavailable)
rPois   .          Reflect  +   e - amulet of reflection
rElec   .          Harm     .   (no ring)
rCorr   .          Rampage  .   (no ring)
Will    .....                   (no ring)
Stlth   ++........              (no ring)
HPRegen 0.13/turn               (no ring)
MPRegen 0.12/turn               (no ring)
                                (no ring)
                                (no ring)

@: swift (expiring), appendages (expiring), wereblooded, very quick
A: tentacle spike 3, almost no armour, amphibious, 8 rings, camouflage 1,
gelatinous body 1, (nimble swimmer 1), tentacles
a: End Transformation, Renounce Religion, Purification, Heal Other, Heal Self


You were on level 5 of the Dungeon.
You worshipped Elyvilon.
Elyvilon was most pleased with you.
One of your tentacles had grown a beastly spike.
You visited 1 branch of the dungeon, and saw 5 of its levels.

You collected 168 gold pieces.

Inventory:

Hand Weapons
 a - a +2 quick blade (weapon)
 h - a +0 hand axe
Missiles
 c - a throwing net
 f - 37 arrows
 i - 122 stones
 j - 6 boomerangs (quivered)
 l - 24 bolts
Magical Staves
 b - a staff of fire
Jewellery
 e - an amulet of reflection (around mantle)
Scrolls
 d - a scroll of holy word
Potions
 g - a potion of flight


   Skills:
 + Level 2.4 Fighting
 * Level 2.2 Short Blades
 + Level 2.8 Dodging
 - Level 3.1 Unarmed Combat
 + Level 2.8 Spellcasting
 + Level 1.7 Conjurations
 + Level 3.0 Transmutations
 + Level 1.5 Air Magic


You had one spell level left.
You knew the following spells:

 Your Spells              Type           Power      Damage    Failure   Level
a - Beastly Appendage     Tmut           22%        N/A       6%          1
b - Wereblood             Tmut           11%        N/A       9%          2
c - Static Discharge      Conj/Air       7%         N/A       16%         2
d - Foxfire               Conj/Fire      16%        2x1d4     14%         1
e - Swiftness             Air            6%         N/A       32%         3

Your spell library contained the following spells:

 Spells                   Type           Power      Damage    Failure   Level
 Passwall                 Tmut/Erth      5%         N/A       17%         2
 Ensorcelled Hibernation  Hex/Ice        4%         N/A       30%         2
 Spider Form              Tmut/Pois      6%         N/A       32%         3
 Ice Form                 Ice/Tmut       6%         N/A       73%         4
 Sticky Flame             Conj/Fire      4%         2d3       80%         4
 Dispel Undead            Necr           2%         3d7       90%         4


Dungeon Overview and Level Annotations

Branches:
Dungeon (5/15)
 Temple: D:4-7

Altars:
Elyvilon

Shops:
D:1 (

Annotations:
D:4 3 runed translucent doors, Edmund; a3don's ghost, amateur SpVM


Innate Abilities, Weirdness & Mutations

One of your tentacles has grown a beastly spike.
You cannot wear most types of armour.
You are amphibious.
You can wear up to eight rings at the same time.
Your skin changes colour to match your surroundings (Stealth+).
Your rubbery body absorbs attacks. (AC +1, EV +1)
((You are camouflaged when in or above water. (Stealth+)))
You have tentacles for arms and can constrict up to eight enemies at once.


Message History

m - a scroll labelled AQUR GAIRUGG
As you read the scroll of identify, it crumbles to dust.
m - a scroll of torment You drop a scroll of torment.
HP restored.
Okay, then.
Casting: Beastly Appendage (safe; 6% risk of failure)
Confirm with . or Enter, or press ? or * to list all spells.
The spell is quite dangerous to miscast (32% risk of failure)!
Continue anyway?
You feel quick.
Casting: Swiftness (quite dangerous; 32% risk of failure)
Confirm with . or Enter, or press ? or * to list all spells.
One of your tentacles grows a vicious spike.
Casting: Beastly Appendage (safe; 6% risk of failure)
Confirm with . or Enter, or press ? or * to list all spells.
Your blood is infused with primal strength.
The sky beast flickers out of sight!
Deactivating autopickup; reactivate with Ctrl-A.
You barely miss something. Something hits you but does no damage.
You start to feel a little slower.
Something barely misses you.
You barely miss something.
Your tentacle spike misses something.
Your squeeze misses something. You miss something.
Your tentacle spike misses something.
Your tentacle-slap misses something.
Your squeeze misses something.
Your transformation is almost over.
Something hits you. Something shocks you.
You miss something.
Your tentacle spike misses something.
You miss something. Something hits you. Something shocks you.
You closely miss something. Your squeeze misses something. Something hits you.
Something shocks you.
You miss something. You hit something but do no damage. Something hits you.
Something shocks you.
* * * LOW HITPOINT WARNING * * *
You miss something.
Your tentacle spike misses something.
Your squeeze misses something. You miss something.
Your tentacle spike misses something.
Something hits you.
* * * LOW HITPOINT WARNING * * *
Something shocks you.
You die...

###########....#.#
#.....#<..#.#..#.#
#.###.###.#.#.##'####
#.# #.###.#....$....#
###.# #.....#.........#
#...# ###.#.#.........#
#.### #...#.........#
#.###########.........#
#.....?...@{..........#
#.##########..........#
### #.#........#
#.#....... #.########
#.# #.# #.#


There were no monsters in sight!

Vanquished Creatures
  A water moccasin (D:3)
  A phantom (D:4)
  3 adders
  4 worms
  A dart slug (D:1)
  6 orcs (D:3)
  7 bats
  2 endoplasms
  3 giant cockroaches
  6 goblins
  4 hobgoblins
  3 quokkas
  5 ball pythons
  4 frilled lizards
  7 kobolds
  2 rats (D:3)
59 creatures vanquished.

Notes
Turn   | Place    | Note
-------+----------+-------------------------------------------
     0 | D:1      | croobank the Octopode Transmuter began the quest for the
                  | Orb.
     0 | D:1      | Reached XP level 1. HP: 13/13 MP: 3/3
    17 | D:1      | Found a faded altar of an unknown god.
    25 | D:1      | Got Plato's Incunabulum of Heat
    26 | D:1      | Prayed at the altar of an unknown god.
    26 | D:1      | Became a worshipper of Elyvilon the Healer
    26 | D:1      | Reached * piety under Elyvilon
   458 | D:1      | Reached XP level 2. HP: 18/18 MP: 3/5
   461 | D:1      | Learned a level 2 spell: Wereblood
   530 | D:1      | Learned a level 2 spell: Static Discharge
   555 | D:1      | Found Nehujidd's Antique Weapon Shop.
  1076 | D:1      | Reached ** piety under Elyvilon
  1743 | D:2      | Reached XP level 3. HP: 11/23 MP: 4/6
  3016 | D:3      | Reached *** piety under Elyvilon
  3030 | D:3      | Identified a scroll of acquirement
  3041 | D:3      | Reached XP level 4. HP: 23/29 MP: 7/7
  3064 | D:3      | Acquired a +2 quick blade
  3387 | D:3      | Noticed a water moccasin
  3401 | D:3      | Killed a water moccasin
  3402 | D:3      | Reached skill level 1 in Short Blades
  3402 | D:3      | Reached skill level 1 in Conjurations
  3402 | D:3      | Reached skill level 1 in Air Magic
  3402 | D:3      | Reached XP level 5. HP: 34/34 MP: 6/9
  3787 | D:3      | Learned a level 1 spell: Foxfire
  3791 | D:3      | Learned a level 3 spell: Swiftness
  3918 | D:4      | Noticed a phantom
  3948 | D:4      | Killed a phantom
  3949 | D:4      | Reached XP level 6. HP: 11/40 MP: 8/10
  4176 | D:4      | Found a runed translucent gate.
  4176 | D:4      | Found a runed translucent gate.
  4177 | D:4      | Found a runed translucent gate.
  4179 | D:4      | Noticed a3don's ghost (amateur SpVM)
  4259 | D:4      | Reached **** piety under Elyvilon
  4288 | D:4      | Noticed Edmund
  4344 | D:5      | Entered Level 5 of the Dungeon
  4347 | D:5      | Noticed a sky beast
  4371 | D:5      | HP: 2/41 [sky beast (5)]
  4391 | D:4      | HP: 2/41 [ball python (2)]
  4391 | D:4      | Elyvilon protects you from harm!
  4729 | D:5      | Slain by a sky beast

Illustrated notes

Levels and vault maps discovered:
D:1:      dpeg_arrival_rooms_a, layout_basic,
          shapermc_ecumenical_altar_rom_forum, serial_shops,
          nicolae_shop_waterfront, kennysheep_minor_cross, item_on_display_a
D:2:      layout_loops_ring
D:3:      layout_basic
D:4:      layout_basic, biasface_ghost_orc_armoury, uniq_edmund
D:5:      layout_basic, minmay_temple_entry_proselytizer, minmay_manual_mess

Skill      XL: |  1  2  3  4  5 |
---------------+----------------+-----
Fighting       | 2 |  2.4
Short Blades   | 1 2 |  2.2
Conjurations   | 1 |  1.7
Air Magic      | 1 |  1.5
Transmutations | 3 |  3.0
Dodging        | |  2.8
Unarmed Combat | |  3.1
Spellcasting   | |  2.8

Action                   |  1- 3 |  4- 6 || total
-------------------------+-------+-------++-------
Melee: Unarmed           |    24 |       ||    24
       Kick              |    20 |    19 ||    39
       Constrict         |    20 |    12 ||    32
       Tentacles         |    16 |    13 ||    29
       Hand axe          |    50 |     3 ||    53
       Punch             |     1 |     1 ||     2
       Quick blade       |       |    77 ||    77
 Cast: Beastly Appendage |    25 |    14 ||    39
       Swiftness         |       |     3 ||     3
       Wereblood         |       |     3 ||     3
       Static Discharge  |       |     1 ||     1
Invok: Heal Self         |       |     1 ||     1
  Use: Scroll            |     4 |     3 ||     7
       Potion            |       |     2 ||     2
 Stab: Sleeping          |     6 |     3 ||     9
Armor: Skin              |     5 |     4 ||     9
Dodge: Dodged            |    46 |    48 ||    94
Block: Other             |       |    12 ||    12

Table legend: (Time is in decaauts)
 A = Elapsed time spent in this place.
 B = Non-inter-level travel time spent in this place.
 C = Inter-level travel time spent in this place.
 D = Time resting spent in this place.
 E = Time spent auto-exploring this place.
 F = Levels seen in this place.
 G = Mean time per level.
                   A        B        C        D        E       F      G
               +--------+--------+--------+--------+--------+-----+--------+
         Total |   4714 |   4649 |     65 |   1034 |   2717 |   5 |  942.8 |
       Dungeon |   4714 |   4649 |     65 |   1034 |   2717 |   5 |  942.8 |
               +--------+--------+--------+--------+--------+-----+--------+

Top non-repeatable levels by time:
     D:1: 1519 daAuts
     D:2: 1252 daAuts
     D:3: 1245 daAuts
     D:4: 618 daAuts
     D:5: 77 daAuts
